 Dungeon Sprint DCSS version 0.31-a0-339-gda1cbd555d (webtiles) character file.

Game seed: 180359768227423537

3300000 Monkooky the Axe Maniac (level 17, -60/124 HPs)
             Began as a Kobold Warper on July 20, 2023.
             Was an Elder of Makhleb.
             Annihilated by The Servant
             ... wielding a +9 glaive of flaming
              (136 damage)
             ... in the Dungeon (Sprint VIII: "Arena of Blood").
             The game lasted 00:00:59 (33 turns).

Monkooky the Axe Maniac (Kobold Warper)               Turns: 33, Time: 00:00:59

Health: -60/124    AC:  3    Str:  9    XL:     17   Next: 43%
Magic:  20/34      EV: 29    Int: 15    God:    Makhleb [****..]
Gold:   0          SH:  0    Dex: 21    Spells: 20/20 levels left

rFire   . . .        j - +∞ Axe of Woe
rCold   . . .        (shield currently unavailable)
rNeg    . . .        b - +0 leather armour
rPois   .            (no helmet)
rElec   .            (no cloak)
rCorr   .            (no gloves)
SInv    .            (no boots)
Will    +....        (no amulet) Stlth *+++++++++
                     (no ring)
HPRegen 0.40/turn    (no ring)
MPRegen 0.24/turn

%: no teleportation
@: no status effects
A: small, no large weapons, nightstalker 3
a: Renounce Religion, Minor Destruction, Lesser Servant of Makhleb, Major
Destruction


You were in the Dungeon.
You worshipped Makhleb.
Makhleb was greatly pleased with you.
You visited 1 branch

Inventory:

Hand Weapons
 a - a +0 hand axe
 j - the +∞ Axe of Woe (weapon)
   (You found it in the Dungeon)
Missiles
 d - 7 boomerangs of dispersal (quivered)
Armour
 b - a +0 leather armour (worn)
Jewellery
 k - a +30 ring of slaying
 l - a +30 ring of slaying
Scrolls
 c - 2 scrolls of blinking
Potions
 e - a potion of curing
 f - a potion of heal wounds
 g - a potion of haste
 h - 2 potions of magic
 i - a potion of berserk rage


   Skills:
 + Level 20.3 Fighting
 O Level 27 Axes
 - Level 1.1 Throwing
 - Level 0.7 Armour
 + Level 19.3 Dodging
 O Level 27 Stealth
 - Level 2.1 Spellcasting
 - Level 3.0 Translocations
 O Level 27 Invocations


You had 20 spell levels left.
You didn't know any spells.
Your spell library contained the following spells:

 Spells                   Type           Power      Damage    Failure   Level
 Blink                    Tloc           20%        N/A       13%         2
 Lesser Beckoning         Tloc           20%        N/A       13%         2
 Teleport Other           Tloc           10%        N/A       26%         3
 Vhi's Electric Charge    Tloc/Air       12%        N/A       43%         3
 Manifold Assault         Tloc           10%        N/A       65%         4


Dungeon Overview and Level Annotations

Branches:
Dungeon (1/1)

Altars:
Makhleb

Annotations:
D The Servant


Innate Abilities, Weirdness & Mutations

You are small and have problems with some larger weapons.
You are completely attuned to the shadows.


Message History

Makhleb accepts your kill.
You can now hurl Makhleb's greater destruction.
You slash the meat berserker!
You chop the meat berserker into pieces.
You kill the meat berserker!
Makhleb accepts your kill.
You feel better.
You hear a shout! x11
Your Fighting skill gained 11 levels and is now at level 18!
Your Dodging skill gained 11 levels and is now at level 17!
You have reached level 17!
A large bag of meat and 6 bags of meat come into view.
The bag of meat shouts!
You hear a shout! x8
The bag of meat closely misses you.
You hear a shout! x8
The bag of meat moves out of view.
You hear a shout!
Things that are here:
a +9 battleaxe; a +30 ring of slaying; a meat berserker corpse You hit the bag of meat.
You cleave the bag of meat in twain.
You kill the bag of meat!
Makhleb accepts your kill.
You hear a shout! x3
A meat berserker comes into view. It is wielding a +9 battleaxe.
You hear a shout! x7
Your Fighting skill gained 2 levels and is now at level 20!
Your Dodging skill gained 2 levels and is now at level 19!
You slice the bag of meat!!
You dissect the bag of meat like a pig carcass.
You kill the bag of meat!
Makhleb accepts your kill.
You feel better.
The sculptor of flesh appears out of thin air!
A sculptor of flesh comes into view. It is wielding a +9 great sword.
You hear a shout! x9
A bag of meat comes into view. It is wielding a +9 war axe.
You hear a shout! x2
The Servant hits you from afar with a +9 glaive of flaming!!!!
Ouch! That really hurt!
You die...

...._......
...###.....
#.....).###..
#.......#.....
....))#.....
.....)......
..........#
......).@#.
......@##...
.....#Ooz..
.O.. o..##
...o


oo.. o... .... You could see The Servant, a sculptor of flesh (wandering), a
large bag of meat (inner flame), a meat berserker (berserk) and 6 bags of meat.

Vanquished Creatures
  5 ogres (D)
  9 orcs (D)
14 creatures vanquished.

Notes
Turn   | Place    | Note
-------+----------+-------------------------------------------
     0 | D        | Found the +∞ Axe of Woe
     0 | D        | Monkooky the Kobold Warper began the quest for the Orb.
     0 | D        | Reached XP level 1. HP: 12/12 MP: 3/3
     3 | D        | Became a worshipper of Makhleb the Destroyer
     4 | D        | Noticed a bag of meat
     7 | D        | Killed a bag of meat
     8 | D        | Reached XP level 2. HP: 17/17 MP: 5/5
     8 | D        | Reached XP level 3. HP: 21/21 MP: 6/6
     8 | D        | Reached XP level 4. HP: 26/26 MP: 7/7
     8 | D        | Reached XP level 5. HP: 30/30 MP: 8/8
     8 | D        | Reached XP level 6. HP: 35/35 MP: 9/9
     8 | D        | Reached XP level 7. HP: 40/40 MP: 10/10
     8 | D        | Reached XP level 8. HP: 44/44 MP: 11/11
     8 | D        | Reached XP level 9. HP: 48/48 MP: 12/12
     8 | D        | Reached XP level 10. HP: 53/53 MP: 13/13
     8 | D        | Reached XP level 11. HP: 57/57 MP: 14/14
     9 | D        | Noticed a bag of meat
    10 | D        | Noticed a meat berserker
    10 | D        | Noticed a bag of meat
    10 | D        | Noticed a bag of meat
    10 | D        | Noticed a bag of meat
    10 | D        | Noticed a bag of meat
    12 | D        | Killed a bag of meat
    12 | D        | Reached * piety under Makhleb
    12 | D        | Noticed a bag of meat
    13 | D        | Reached XP level 12. HP: 62/62 MP: 15/15
    13 | D        | Killed a meat berserker
    13 | D        | Killed a bag of meat
    14 | D        | Reached skill level 27 in Axes
    14 | D        | Reached XP level 13. HP: 66/66 MP: 16/16
    14 | D        | Reached XP level 14. HP: 72/72 MP: 17/17
    14 | D        | Killed a bag of meat
    14 | D        | Reached ** piety under Makhleb
    16 | D        | Killed a bag of meat
    17 | D        | Killed a bag of meat
    18 | D        | Reached XP level 15. HP: 76/76 MP: 17/28
    18 | D        | Reached *** piety under Makhleb
    20 | D        | Noticed a meat berserker
    23 | D        | Killed a meat berserker
    24 | D        | Reached skill level 27 in Stealth
    25 | D        | Noticed a meat berserker
    27 | D        | Noticed a meat berserker
    27 | D        | Noticed a meat berserker
    28 | D        | Killed a meat berserker
    29 | D        | Reached skill level 27 in Invocations
    29 | D        | Reached XP level 16. HP: 92/92 MP: 19/33
    29 | D        | Noticed The Servant
    30 | D        | Killed a meat berserker
    30 | D        | Reached **** piety under Makhleb
    30 | D        | Killed a meat berserker
    31 | D        | Reached XP level 17. HP: 58/120 MP: 20/34
    31 | D        | Noticed a large bag of meat
    32 | D        | Noticed a meat berserker
    33 | D        | Annihilated by The Servant

Illustrated notes

Levels and vault maps discovered:
D:        meatsprint

Skill      XL: |  1  2  3  4  5  6  7  8  9 10 11 12 13 14 15 16 17 |
---------------+----------------------------------------------------+-----
Axes           | 21 24 27 | 27.0
Stealth        | 23 27 | 27.0
Invocations    | 18 27 | 27.0
Fighting       | 7 18 20 | 20.3
Dodging        | 6 17 19 | 19.3
Throwing       | |  1.1
Armour         | |  0.7
Spellcasting   | |  2.1
Translocations | |  3.0

Action                     |  1- 3 |  4- 6 |  7- 9 | 10-12 | 13-15 | 16-18 || total
---------------------------+-------+-------+-------+-------+-------+-------++-------
  Melee: Broad axe         |     1 |       |       |     2 |     6 |     3 ||    12
  Dodge: Dodged            |       |       |       |       |       |     1 ||     1

Table legend: (Time is in decaauts)
 A = Elapsed time spent in this place.
 B = Non-inter-level travel time spent in this place.
 C = Inter-level travel time spent in this place.
 D = Time resting spent in this place.
 E = Time spent auto-exploring this place.
 F = Levels seen in this place.
 G = Mean time per level.
                   A        B        C        D        E       F      G
               +--------+--------+--------+--------+--------+-----+--------+
         Total |     30 |     30 |      0 |      0 |      0 |   1 |   30.0 |
       Dungeon |     30 |     30 |      0 |      0 |      0 |   1 |   30.0 |
               +--------+--------+--------+--------+--------+-----+--------+

Top non-repeatable levels by time:
       D: 30 daAuts
